AoeStats
← abov3n

MegaRandom

505015010Analyzed
4v4 RM · 24d ago on Sep 7, 2026· 69m 5s· 8 players
Game mode
Random Map
Map size
Large (8 player)
Population
200
Speed
Normal
Resources
Standard
Victory
Conquest
Starting age
Dark Age
Ending age
Imperial Age
RankedLock teamsTeams togetherTeam positionsShared explorationLock speedFull tech treeHidden civsTurbo modeCheats
Victory
Defeat
🇨🇳 Vikings · China
1125
+14
🇹🇼 Burgundians · Taiwan
1106
+15
🇨🇳 Mongols · China
1096
+15
🇨🇳 Maya · China
1074
+16
🇨🇳 Hindustanis · China
1140
-18
🇧🇷 Persians · Brazil
1086
-15
🇺🇸 Mongols · United States
1059
-14
🇺🇸 Magyars · United States
1040
-13
师太爱失态
10:23 Feudal Age
14:34 Castle Age
12:54 Double-Bit Axe
13:32 Horse Collar
22:15 Gold Mining
22:47 Fletching
24:41 Bloodlines
26:30 Bow Saw
27:34 Husbandry
27:42 Stone Mining
31:20 Imperial Age
29:26 Bodkin Arrow
30:31 Thumb Ring
31:13 Ballistics
32:28 Parthian Tactics
32:59 Wheelbarrow
32:58 Conscription
33:17 Heavy Plow
33:57 Gold Shaft Mining
34:01 Stone Shaft Mining
33:13 Heavy Camel Rider
33:58 Bracer
33:58 Padded Archer Armor
35:21 Chemistry
34:57 Hand Cart
35:59 Elite Mangudai
36:54 Loom
36:54 Town Watch
39:09 Siege Engineers
39:21 Leather Archer Armor
39:18 Forging
39:13 Scale Barding Armor
39:05 Capped Ram
40:39 Siege Ram
42:00 Hoardings
43:04 Drill
44:30 Fortified Wall
45:00 Iron Casting
44:45 Chain Barding Armor
44:55 Town Patrol
49:08 Light Cavalry
50:52 Blast Furnace
50:06 Caravan
50:22 Hussar
51:48 Masonry
62:36 Elite Steppe Lancer
人在阵地在
0:27 Loom
10:32 Feudal Age
20:56 Fletching
26:22 Castle Age
25:55 Padded Archer Armor
26:32 Double-Bit Axe
26:32 Crossbowman
27:25 Thumb Ring
27:49 Bodkin Arrow
29:47 Leather Archer Armor
38:57 Imperial Age
36:51 Bow Saw
37:28 Ballistics
38:32 Scale Mail Armor
38:42 Forging
38:38 Horse Collar
39:05 Squires
39:01 Eagle Warrior
41:06 Heavy Plow
40:39 Pikeman
42:30 Crop Rotation
42:23 Fishing Lines
43:49 Chain Mail Armor
44:09 Iron Casting
43:48 Elite Eagle Warrior
45:18 Plate Mail Armor
45:43 Wheelbarrow
45:01 Gillnets
44:51 Halberdier
45:27 Arbalester
47:52 Blast Furnace
47:31 Holcans
48:46 Ring Archer Armor
53:59 Bracer
54:19 Gold Mining
63:35 Stone Mining
67:29 Capped Ram
68:27 Siege Ram
wade2010221
10:35 Feudal Age
12:26 Loom
15:10 Double-Bit Axe
21:46 Castle Age
20:17 Gold Mining
20:53 Bow Saw
22:11 Forging
22:07 Scale Barding Armor
21:49 Cavalier
22:33 Husbandry
22:17 Horse Collar
23:57 Two-Man Saw
24:37 Wheelbarrow
25:39 Heavy Plow
26:22 Gold Shaft Mining
26:42 Hand Cart
28:42 Iron Casting
28:27 Chain Barding Armor
28:12 Stone Mining
33:29 Chain Barding Armor
33:48 Crop Rotation
36:54 Imperial Age
34:49 Pikeman
35:29 Squires
35:15 Arson
34:55 Light Cavalry
35:56 Burgundian Vineyards
36:33 Scale Mail Armor
38:53 Halberdier
41:52 Conscription
43:34 Blast Furnace
42:50 Chain Mail Armor
42:22 Hussar
50:43 Paladin
52:17 Plate Mail Armor
52:23 Plate Barding Armor
59:57 Fletching
60:07 Padded Archer Armor
65:04 Stone Shaft Mining
64:05 Man-at-Arms
65:02 Long Swordsman
65:49 Town Watch
66:39 Two-Handed Swordsman
546308830
2:39 Loom
11:09 Feudal Age
17:01 Castle Age
21:33 Double-Bit Axe
22:07 Horse Collar
25:46 Man-at-Arms
26:37 Scale Mail Armor
26:48 Forging
26:42 Long Swordsman
27:48 Squires
28:18 Gambesons
29:33 Arson
31:00 Forging
31:43 Chain Mail Armor
37:12 Imperial Age
36:00 Bow Saw
35:53 Heavy Plow
36:09 Fletching
37:32 Iron Casting
38:24 Conscription
37:29 Two-Handed Swordsman
38:14 Elite Skirmisher
39:02 Padded Archer Armor
40:57 Masonry
41:08 Ballistics
43:20 Plate Mail Armor
42:37 Town Watch
45:33 Blast Furnace
44:29 Bodkin Arrow
45:06 Champion
45:48 Pikeman
49:47 Bracer
redheadedkiller
0:32 Loom
9:35 Feudal Age
17:30 Castle Age
18:47 Double-Bit Axe
23:32 Fletching
23:42 Padded Archer Armor
25:39 Padded Archer Armor
28:24 Ballistics
28:01 Murder Holes
28:06 Bodkin Arrow
29:26 Leather Archer Armor
32:22 Elite Skirmisher
33:08 Thumb Ring
39:41 Imperial Age
37:47 Wheelbarrow
40:24 Bracer
41:33 Chemistry
41:13 Forging
41:04 Scale Mail Armor
41:09 Scale Barding Armor
41:56 Elite Mangudai
42:38 Nomads
44:37 Conscription
46:12 Iron Casting
45:52 Chain Mail Armor
48:15 Parthian Tactics
47:11 Heavy Cavalry Archer
47:19 Capped Ram
47:46 Crossbowman
49:22 Drill
48:58 Arbalester
51:08 Hand Cart
52:58 Siege Ram
53:07 Man-at-Arms
53:48 Squires
53:33 Arson
MAMBA MULLET
7:57 Loom
10:34 Feudal Age
11:17 Double-Bit Axe
13:45 Scale Barding Armor
13:26 Horse Collar
15:43 Bloodlines
23:19 Castle Age
22:10 Gold Mining
22:29 Stone Mining
24:23 Bow Saw
25:34 Fletching
26:56 Wheelbarrow
28:28 Man-at-Arms
31:04 Bodkin Arrow
32:07 Corvinian Army
33:55 Ballistics
36:05 Chain Barding Armor
36:41 Heavy Plow
37:28 Hand Cart
43:32 Imperial Age
45:29 Plate Barding Armor
46:27 Two-Man Saw
46:03 Crop Rotation
45:14 Elite Magyar Huszar
46:53 Conscription
48:11 Gold Shaft Mining
55:35 Husbandry
56:14 Cavalier
61:18 Paladin
Big哥
10:42 Feudal Age
17:20 Castle Age
15:52 Double-Bit Axe
20:19 Horse Collar
27:09 Gold Mining
27:19 Stone Mining
28:06 Bloodlines
27:57 Husbandry
28:48 Gold Shaft Mining
28:39 Bow Saw
30:17 Grand Trunk Road
31:23 Wheelbarrow
33:28 Imperial Age
33:34 Imperial Age
31:26 Forging
31:57 Scale Barding Armor
32:41 Hand Cart
33:34 Heavy Camel Rider
34:53 Iron Casting
34:24 Heavy Plow
36:52 Imperial Camel Rider
38:35 Blast Furnace
38:29 Conscription
40:20 Chain Barding Armor
44:01 Elite Ghulam
45:11 Scale Mail Armor
47:53 Plate Barding Armor
47:46 Fletching
47:57 Padded Archer Armor
47:46 Elite Skirmisher
abov3n
5:19 Loom
11:53 Feudal Age
12:20 Horse Collar
15:59 Castle Age
14:37 Double-Bit Axe
16:55 Heavy Plow
24:00 Wheelbarrow
24:28 Bow Saw
24:14 Stone Mining
24:31 Town Watch
25:44 Hand Cart
30:25 Imperial Age
29:05 Gold Mining
29:51 Pikeman
31:04 Halberdier
32:58 Forging
32:53 Scale Barding Armor
33:49 Squires
34:05 Elite War Elephant
35:33 Iron Casting
36:03 Chain Barding Armor
36:28 Gold Shaft Mining
37:39 Blast Furnace
38:25 Crop Rotation
38:42 Plate Barding Armor
40:56 Scale Mail Armor
42:01 Two-Man Saw
41:58 Chain Mail Armor
42:49 Elite Skirmisher
43:36 Thumb Ring
43:24 Fletching
43:35 Padded Archer Armor
45:27 Chemistry
44:48 Ballistics
44:25 Bodkin Arrow
45:48 Leather Archer Armor
48:18 Ring Archer Armor
50:25 Light Cavalry
51:15 Bloodlines
51:05 Husbandry
52:11 Plate Mail Armor
52:06 Hussar
Connection lost

Rejoining the realm…

Still unreachable

The connection could not be restored.

Session expired

The server has moved on; the page needs a fresh start.